 Dungeon Crawl Stone Soup version 0.28.0-45-g0d030f2227 (webtiles) character file.

Game seed: 4336885801545542795

2408 MisterFreud the Changer (level 9, 0/85 HPs)
             Began as a Black Draconian Transmuter on Apr 19, 2022.
             Slain by an iguana (11 damage)
             ... on level 5 of the Dungeon.
             The game lasted 00:09:50 (6516 turns).

MisterFreud the Changer (DrTm)                      Turns: 6516, Time: 00:09:51

Health: 0/85       AC:  7    Str: 19    XL:     9   Next: 23%
Magic:  9/12       EV: 12    Int: 15    God:
Gold:   207        SH:  0    Dex: 14    Spells: 2/12 levels left

rFire   x . .      SeeInvis .     - Unarmed
rCold   + + +      Faith    +   (shield currently unavailable)
rNeg    . . .      Spirit   .   (armour unavailable)
rPois   +          Reflect  .   (helmet currently unavailable)
rElec   .          Harm     .   (cloak currently unavailable)
rCorr   .          Rampage  .   (gloves currently unavailable)
Will    .....                   (boots currently unavailable)
Stlth   +.........              p - amulet of faith
HPRegen 0.24/turn               c - +6 ring of strength
MPRegen 0.13/turn               d - ring of protection from cold

@: ice-form, studying Throwing
A: freezing attack, amphibious, boosted hp, (breathe lightning), AC +7, large,
unfitting armour, (electricity resistance), (cold-blooded)
a: End Transformation


You were on level 5 of the Dungeon.
You were a creature of crystalline ice.
You visited 1 branch of the dungeon, and saw 6 of its levels.

You collected 229 gold pieces.
You spent 22 gold pieces at shops.

Inventory:

Missiles
 n - 5 boomerangs (quivered)
 s - 2 throwing nets
Armour
 j - a +1 cloak (melded)
Jewellery
 a - a ring of fire
 c - a +6 ring of strength (left front paw)
 d - a ring of protection from cold (right front paw)
 p - an amulet of faith (around neck)
 t - an amulet of guardian spirit
Scrolls
 g - a scroll of enchant weapon
 h - a scroll of vulnerability {unknown}
 i - a scroll of blinking {unknown}
 k - 2 scrolls of teleportation {unknown}
 l - a scroll of fear
 r - 2 scrolls of fog
Potions
 b - a potion of curing
 e - 2 potions of resistance {unknown}
 f - 2 potions of heal wounds
 m - a potion of magic {unknown}
 o - a potion of degeneration {unknown}
 q - 2 potions of lignification {unknown}


   Skills:
 - Level 4.0 Fighting
 - Level 6.0 Dodging
 - Level 6.0 Unarmed Combat
 - Level 2.0 Spellcasting
 + Level 7.8 Transmutations
 - Level 4.0 Ice Magic


You had 2 spell levels left.
You knew the following spells:

 Your Spells              Type           Power      Damage    Failure   Level
a - Beastly Appendage     Tmut           50%        N/A       1%          1
b - Wereblood             Tmut           25%        N/A       1%          2
c - Spider Form           Tmut/Pois      13%        N/A       13%         3
d - Ice Form              Ice/Tmut       19%        N/A       19%         4

Your spell library contained the following spells:

 Spells                   Type           Power      Damage    Failure   Level
 Sting                    Tmut/Pois      52%        1d5       4%          1
 Poisonous Vapours        Pois/Air       2%         N/A       32%         2
 Ozocubu's Armour         Ice            13%        N/A       13%         3
 Olgreb's Toxic Radiance  Pois           1%         N/A       91%         4
 Metabolic Englaciation   Hex/Ice        3%         N/A       95%         5
 Simulacrum               Ice/Necr       3%         N/A       100%        6


Dungeon Overview and Level Annotations

Branches:
Dungeon (6/15)
 Temple: D:4-7

Altars:

Shops:
D:4 *?[


Innate Abilities, Weirdness & Mutations

You are a creature of crystalline ice.
You have a powerful freezing melee attack.
You are amphibious.
Your maximum health is increased.
Your armour is entirely melded.
You are incapable of wielding weapons or throwing items.
((You can breathe wild blasts of lightning.))
((Your glossy black scales are hard. (AC +7)))
You cannot fit into any form of body armour.
((You are resistant to electric shocks. (rElec)))
((You are cold-blooded and may be slowed by cold attacks.))


Message History

The orc warrior hits you from afar with a +0 halberd.
You climb upwards.
There is a stone staircase leading down here.
You start resting.
Your magical contamination has completely faded away.
You start resting.
Magic restored.
Casting: Ice Form (dangerous; 19% risk of failure)
Confirm with . or Enter, or press ? or * to list all spells.
Okay, then.
Unknown command.
Casting: Ice Form (dangerous; 19% risk of failure)
Confirm with . or Enter, or press ? or * to list all spells.
You turn into a creature of crystalline ice.
Your +1 cloak melds into your body.
You climb downwards.
The orc warrior barely misses you.
A jelly comes into view.
There is a stone staircase leading up here.
You barely miss the orc warrior.
The jelly quivers.
The orc warrior hits you with a +0 halberd!
You hit the orc warrior but do no damage.
The orc barely misses you.
You closely miss the orc warrior. The orc misses you.
The orc warrior hits you with a +0 halberd!
You punch the orc warrior! You freeze the orc warrior.
The orc warrior is moderately wounded.
The orc misses you.
The orc warrior hits you with a +0 halberd!
The orc hits you but does no damage. The orc warrior misses you.
The iguana closely misses you.
You climb upwards.
There is a stone staircase leading down here.
The orc warrior barely misses you. The iguana bites you. The iguana bites you!
* * * LOW HITPOINT WARNING * * *
The orc warrior hits you from afar with a +0 halberd!
* * * LOW HITPOINT WARNING * * *
The iguana bites you!
You die...

######## #..
##......## #..
##........## #..
#.........># #..
#..........# #..
#..........#######..
#..........##.......
#.............######
##oY......#####
#.l........#
#>o........####
#.............##
#..............##
#...............####
##..................
##.............###.
#####...........>.


You could see an orc warrior, an iguana and an orc.

Vanquished Creatures
  A two-headed ogre (D:5)
  A kobold demonologist (D:5)
  A sky beast (D:5)
  A black bear (D:6)
  An ice beast (D:5)
  An ogre (D:5)
  2 phantoms
  6 scorpions
  A water moccasin zombie (D:3)
  2 water moccasin skeletons
  2 howler monkeys (D:5)
  Crazy Yiuf (D:2)
  2 hounds (D:5)
  A gnoll shaman (D:4)
  3 iguanas
  A hound zombie (D:5)
  A hound skeleton (D:5)
  A howler monkey zombie (D:6)
  13 gnolls
  4 adders
  A shadow imp (D:6)
  3 worms
  A dart slug (D:1)
  An orc (D:3)
  3 ball pythons (D:2)
  9 endoplasms
  A giant cockroach (D:4)
  11 hobgoblins
  10 jackals
  10 kobolds
  2 quokkas (D:1)
  4 bats
  A frilled lizard (D:1)
  5 goblins
  8 rats
116 creatures vanquished.

Vanquished Creatures (others)
  2 fungi (D:2)
  14 plants (D:2)
16 creatures vanquished.

Grand Total: 132 creatures vanquished

Notes
Turn   | Place    | Note
-------+----------+-------------------------------------------
     0 | D:1      | MisterFreud the Draconian Transmuter began the quest for
                  | the Orb.
     0 | D:1      | Reached XP level 1. HP: 16/16 MP: 3/3
   399 | D:1      | Reached XP level 2. HP: 9/23 MP: 3/5
   411 | D:1      | Reached skill level 3 in Transmutations
   732 | D:1      | Learned a level 2 spell: Wereblood
   777 | D:1      | Reached XP level 3. HP: 6/28 MP: 6/6
  1451 | D:2      | Learned a level 3 spell: Spider Form
  1491 | D:2      | Reached skill level 4 in Transmutations
  1870 | D:2      | Found a runed translucent door.
  1871 | D:2      | Noticed Crazy Yiuf
  2013 | D:2      | Reached XP level 4. HP: 22/35 MP: 2/7
  2140 | D:2      | Found a faded altar of an unknown god.
  2335 | D:2      | Killed Crazy Yiuf
  2407 | D:3      | Reached skill level 5 in Transmutations
  2552 | D:3      | Reached XP level 5. HP: 18/40 MP: 4/8
  3536 | D:4      | Found Zadodio's General Store.
  3551 | D:4      | Reached XP level 6. HP: 41/51 MP: 6/9
  4021 | D:4      | Found Mowonof's Armour Emporium.
  4022 | D:4      | Found Kah Emo's Magic Scroll Emporium.
  4030 | D:4      | Bought a scroll of fog for 22 gold pieces
  4774 | D:4      | Reached skill level 5 in Unarmed Combat
  4975 | D:5      | Entered Level 5 of the Dungeon
  5040 | D:5      | Noticed a two-headed ogre
  5073 | D:5      | Noticed a kobold demonologist
  5088 | D:5      | Your scales start taking on a glossy black colour.
  5088 | D:5      | Reached XP level 7. HP: 58/59 MP: 6/10
  5088 | D:5      | Gained mutation: You are resistant to electric shocks.
                  | (rElec) [Black Draconian growth]
  5098 | D:5      | Killed a kobold demonologist
  5282 | D:5      | Killed a two-headed ogre
  5283 | D:5      | Reached skill level 6 in Transmutations
  5283 | D:5      | Reached XP level 8. HP: 66/66 MP: 7/11
  5288 | D:5      | Learned a level 4 spell: Ice Form
  5321 | D:5      | Reached skill level 1 in Ice Magic
  5599 | D:5      | Reached skill level 7 in Transmutations
  5722 | D:5      | Reached XP level 9. HP: 71/71 MP: 12/12
  5931 | D:6      | HP: 3/71 [poisoned by a scorpion]
  6516 | D:5      | Slain by an iguana

Illustrated notes

Levels and vault maps discovered:
D:1:      zelgadis_glass_arrival_small, layout_rooms, hex_tiny,
          hangedman_abyss_or_decor_stabs, minmay_misc_feat_columns
D:2:      layout_basic, shapermc_ecumenical_altar_hornbeckon,
          uniq_crazy_yiuf_cottage
D:3:      layout_basic, nicolae_figureground_sparkle
D:4:      layout_loops_ring, nicolae_wooded_promenade
D:5:      layout_rooms, minmay_manual_moon
D:6:      cheibrodos_iron_armory, layout_loops_ring,
          minmay_temple_entry_gardened_gates, minmay_diced_spiral

Skill      XL: |  1  2  3  4  5  6  7  8  9 |
---------------+----------------------------+-----
Transmutations | 3 4 5 6 7 |  7.8
Fighting       | 3 4 |  4.0
Unarmed Combat | 4 5 6 |  6.0
Dodging        | 6 |  6.0
Ice Magic      | 3 4 |  4.0
Spellcasting   | |  2.0

Action                   |  1- 3 |  4- 6 |  7- 9 || total
-------------------------+-------+-------+-------++-------
Melee: Unarmed           |   124 |   146 |   101 ||   371
       Kick              |    30 |    11 |     2 ||    43
       Tailslap          |     7 |     9 |     6 ||    22
       Headbutt          |    14 |     8 |     1 ||    23
       Punch             |       |     1 |     1 ||     2
Throw: Boomerang         |       |     3 |       ||     3
 Cast: Beastly Appendage |    24 |    14 |     1 ||    39
       Spider Form       |       |    10 |    13 ||    23
       Ice Form          |       |       |     1 ||     1
 Abil: Breathe Lightning |       |       |     6 ||     6
       End Transformatio |       |       |     1 ||     1
  Use: Scroll            |     2 |     3 |       ||     5
       Potion            |     1 |       |       ||     1
 Stab: Sleeping          |       |     1 |       ||     1
Armor: Skin              |    33 |    27 |    10 ||    70
Dodge: Dodged            |   114 |    96 |   110 ||   320
